 Dungeon Crawl Stone Soup version 0.28-a0-932-g843f935a50 (webtiles) character file.

Game seed: 3610723248312827048

15050 shoop the Covert (level 12, -12/78 HPs)
             Began as a Kobold Berserker on Nov 27, 2021.
             Was a High Priest of Trog.
             Mangled by an orc warrior (14 damage)
             ... on level 2 of the Orcish Mines.
             The game lasted 00:41:03 (16513 turns).

shoop the Covert (Kobold Berserker)                Turns: 16513, Time: 00:41:06

Health: -12/78     AC: 13    Str: 23    XL:     12   Next: 52%
Magic:  0/12       EV: 20    Int:  8    God:    Trog [*****.]
Gold:   487        SH:  0    Dex: 17    Spells: 11/11 levels left

rFire   . . .      SeeInvis +   b - +2 dagger (venom)
rCold   . . .      Faith    .   (shield restricted)
rNeg    . . .      Spirit   +   W - +2 ring mail {Will+}
rPois   .          Reflect  .   k - +0 helmet
rElec   .          Harm     .   s - +0 cloak
rCorr   .          Rampage  .   H - +2 pair of gloves {hurl}
Will    +....                   (no boots)
Stlth   ++++++....              R - amulet of guardian spirit
HPRegen 0.23/turn               B - ring of see invisible
MPRegen 0.13/turn               t - +6 ring of strength

@: on berserk cooldown, slowed, very slow
A: small, no large weapons, nightstalker 3
a: Renounce Religion, Berserk, Trog's Hand, Brothers in Arms


You were on level 2 of the Orcish Mines.
You worshipped Trog.
Trog was extremely pleased with you.
You visited 2 branches of the dungeon, and saw 14 of its levels.
You also visited: Bailey.

You collected 911 gold pieces.
You spent 424 gold pieces at shops.

Inventory:

Hand Weapons
 a - a +0 rapier
 b - a +2 dagger of venom (weapon)
 h - a +0 whip of venom
Missiles
 l - 35 boomerangs
 N - 43 poisoned darts (quivered)
 S - 4 curare-tipped darts
Armour
 f - a +0 animal skin
 k - a +0 helmet (worn)
 s - a +0 cloak (worn)
 u - +0 steam dragon scales
 H - a +2 pair of gloves of hurling (worn)
 O - a +4 ring mail
 W - a +2 ring mail of willpower (worn)
Jewellery
 n - a ring of resist corrosion
 t - a +6 ring of strength (right hand)
 y - a +6 ring of intelligence
 B - a ring of see invisible (left hand)
 P - a ring of flight
 R - an amulet of guardian spirit (around neck)
 U - the necklace of Bloodlust {*Rage Will++ Int-3 Slay+6}
   (You found it in a bailey)

   [amulet of nothing]

   It extends the wearer's berserk rage when killing foes.
   Int:       It affects your intelligence (-3).
   Slay:      It affects your accuracy & damage with ranged weapons and melee
   (+6).
   *Rage:     It berserks you when you make melee attacks (+50% chance).
   Will:      It greatly increases your willpower.
Wands
 z - a wand of charming (10)
 A - a wand of acid (9)
 D - a wand of polymorph (13)
 I - a wand of flame (22)
 K - a wand of paralysis (6)
Scrolls
 c - 3 scrolls of amnesia {unknown}
 d - 2 scrolls of summoning {unknown}
 e - 3 scrolls of acquirement
 p - 6 scrolls of fog {unknown}
 q - a scroll of torment {unknown}
 r - 7 scrolls of teleportation {unknown}
 x - 2 scrolls of noise {unknown}
 C - 4 scrolls of enchant armour {unknown}
 F - 3 scrolls of magic mapping
 J - 2 scrolls of vulnerability
 T - a scroll of blinking
Potions
 g - 3 potions of curing {unknown}
 i - a potion of flight
 j - 4 potions of haste {unknown}
 m - 3 potions of heal wounds {unknown}
 o - a potion of magic
 v - 2 potions of berserk rage {unknown}
 w - a potion of mutation {unknown}
 E - a potion of brilliance
 G - a potion of might {unknown}
 L - a potion of lignification {unknown}
 M - a potion of invisibility {unknown}
Miscellaneous
 Q - a phial of floods
 V - a lightning rod (inert)


   Skills:
 + Level 10.5 Fighting
 + Level 10.6 Short Blades
 - Level 4.0 Throwing
 - Level 5.0 Armour
 + Level 10.6 Dodging
 + Level 12.7 Stealth
 - Level 8.0 Evocations


You had 11 spell levels left.
You didn't know any spells.
Your spell library contained the following spells:

 Spells                   Type           Power      Damage    Failure   Level
 Animate Skeleton         Necr           0%         N/A       54%         1
 Magic Dart               Conj           0%         1d3       54%         1
 Pain                     Necr           0%         1d4       54%         1
 Slow                     Hex            0%         N/A       54%         1
 Blink                    Tloc           0%         N/A       69%         2
 Call Imp                 Summ           0%         N/A       69%         2
 Searing Ray              Conj           0%         2d4       69%         2
 Confusing Touch          Hex            0%         N/A       89%         3
 Gell's Gravitas          Tloc           0%         N/A       89%         3
 Inner Flame              Hex/Fire       0%         N/A       89%         3
 Mephitic Cloud           Conj/Pois/Air  0%         N/A       89%         3
 Teleport Other           Tloc           0%         N/A       89%         3
 Vampiric Draining        Necr           0%         2d6       89%         3
 Cause Fear               Hex            0%         N/A       100%        4
 Fulminant Prism          Conj/Hex       0%         3d6       100%        4
 Manifold Assault         Tloc           0%         N/A       100%        5
 Dispersal                Tloc           0%         N/A       100%        6
 Storm Form               Tmut/Air       0%         N/A       100%        7
 Discord                  Hex            0%         N/A       100%        8


Dungeon Overview and Level Annotations

Branches:
Dungeon (12/15)            Temple (0/1) D:7            Lair (0/6) D:11
    Orc (2/2) D:9             Elf (0/3) Orc:2        Bailey (visited)

Altars:
Cheibriados
Trog
Vehumet
Wu Jian
Zin

Shops:
D:5 [   D:7 [:(   Orc:2 (

Annotations:
D:5 Pikel
D:6 Dowan, Duvessa
D:7 exclusion: 3 wights
D:8 exclusions: deep elf pyromancer, gnoll sergeant, manticore, orc and 1 more exclusion
D:12 exclusion: hydra
Orc:2 exclusions: orc sorcerer and orc warrior


Innate Abilities, Weirdness & Mutations

You are small and have problems with some larger weapons.
You are completely attuned to the shadows.


Message History

Trog appreciates your killing of a magic user.
The thunderbolt hits the orc high priest!!
The orc high priest is severely wounded.
The thunderbolt hits the orc warrior!!
The orc warrior is severely wounded.
The lightning rod overheats!
You hear a shout!
Your two-headed ogre hits the warg with a +0 giant spiked club!!
The warg dies!
Trog accepts your kill.
An orc priest comes into view. It is wielding a +0 dagger.
An orc warrior comes into view. It is wielding a +0 hand axe.
Your two-headed ogre hits the orc high priest with a +0 giant spiked club!!
The orc high priest dies!
Trog accepts your kill.
The orc warrior hits you with a +0 hand axe.
The orc priest moves out of view.
An orc warrior comes into view. It is wielding a +0 dire flail.
Your two-headed ogre hits the orc warrior with a +0 giant spiked club!
The orc warrior dies!
Trog accepts your kill.
An orc sorcerer comes into view.
It is wielding a +0 dagger and wearing a +2 robe of willpower.
The orc warrior completely misses you.
You hear a shout!
Your two-headed ogre barely misses the orc warrior.
Your two-headed ogre hits the orc warrior with a +0 giant club.
The orc warrior completely misses you.
Your two-headed ogre barely misses the orc warrior.
Your two-headed ogre hits the orc warrior with a +0 giant club!!!
The orc warrior dies!
Trog accepts your kill.
The orc warrior hits your two-headed ogre with a +0 dire flail.
The orc sorcerer points at you and mumbles some strange words.
The bolt of fire hits you!!
* * * LOW HITPOINT WARNING * * *
Your two-headed ogre hits the orc warrior with a +0 giant spiked club!!
The orc warrior dies!
Trog accepts your kill.
The orc warrior hits you from afar with a +0 trident!
You die...

#......... ###.........
.... ##.....#..... ..
......##......###...
..........#.......##...#
.....##.#.....#..........
.....#........###.#.......
....#[)o.....## ####......
.....).o†@....# #......
.....))......... .......
...)))))...##... ....
....))Oo..## ... ..##
.....))..## ###.
.#..)))### ## ...))).
....o...


You could see an orc sorcerer, 2 orc warriors and a friendly two-headed ogre
(summoned, berserk).

Vanquished Creatures
  A centaur warrior (D:10)
  2 two-headed ogres
  An orc high priest (Orc:2)
  An orc knight (Orc:2)
  An ugly thing (D:11)
  An elephant (D:11)
  2 manticores (D:11)
  An unseen horror (D:11)
  2 trolls
  Grinder (D:3)
  A hornet (D:8)
  A vampire (D:11)
  A wraith (D:9)
  17 yaks
  A wyvern (D:11)
  A basilisk (D:11)
  A steam dragon (D:4)
  A warg (Orc:2)
  3 acid dragons
  Edmund (D:5)
  3 water moccasins
  16 orc warriors
  2 sky beasts
  3 black bears
  An ice beast (D:7)
  A necrophage (D:5)
  2 centaurs (D:10)
  2 ogres
  4 lemures (D:5)
  A phantom (D:4)
  A kobold brigand (D:9)
  4 bullfrogs
  A gnoll sergeant (D:10)
  A water moccasin zombie (D:5)
  7 killer bees
  5 wights (D:9)
  An electric eel (D:7)
  A howler monkey (D:6)
  2 bullfrog zombies
  2 centaur zombies
  2 jellies (D:6)
  10 orc priests
  2 bullfrog skeletons
  A gnoll shaman (D:5)
  3 hounds
  Natasha (twice) (D:4)
  2 iguanas
  9 orc wizards
  A hound zombie (D:5)
  A hound skeleton (D:5)
  8 gnolls
  A howler monkey skeleton (D:6)
  6 adders
  A white imp (D:5)
  An ufetubus (D:7)
  3 dart slugs
  48 orcs
  5 ball pythons
  6 bats
  6 endoplasms
  3 giant cockroaches
  12 goblins
  12 hobgoblins
  6 jackals
  23 kobolds
  6 quokkas
  2 frilled lizards
  4 rats
287 creatures vanquished.

Vanquished Creatures (collateral kills)
  An orc high priest (Orc:2)
  2 wargs (Orc:2)
  3 orc warriors (Orc:2)
  An orc wizard (Orc:2)
7 creatures vanquished.

Vanquished Creatures (others)
  4 fungi (Orc:2)
4 creatures vanquished.

Grand Total: 298 creatures vanquished

Notes
Turn   | Place    | Note
-------+----------+-------------------------------------------
     0 | D:1      | shoop the Kobold Berserker began the quest for the Orb.
     0 | D:1      | Reached XP level 1. HP: 14/14 MP: 1/1
   408 | D:1      | Reached skill level 1 in Stealth
   475 | D:1      | Reached skill level 2 in Stealth
   475 | D:1      | Reached XP level 2. HP: 19/19 MP: 2/2
   493 | D:1      | Found a faded altar of an unknown god.
   762 | D:1      | Reached skill level 3 in Stealth
   994 | D:1      | Reached XP level 3. HP: 23/23 MP: 3/3
  1443 | D:2      | Reached skill level 4 in Stealth
  1744 | D:2      | Reached ** piety under Trog
  2547 | D:3      | Reached XP level 4. HP: 28/28 MP: 4/4
  2622 | D:3      | Noticed Grinder
  2634 | D:3      | Killed Grinder
  2635 | D:3      | Reached skill level 6 in Stealth
  2635 | D:3      | Reached XP level 5. HP: 4/32 MP: 5/5
  2635 | D:3      | Reached XP level 6. HP: 5/37 MP: 6/6
  3962 | D:4      | Noticed a steam dragon
  4073 | D:4      | Killed a steam dragon
  4074 | D:4      | Reached skill level 7 in Stealth
  4074 | D:4      | Reached XP level 7. HP: 36/42 MP: 7/7
  4454 | D:7      | Found Ixeareo's Book Shop.
  4454 | D:7      | Found Plog's Antique Weapon Boutique.
  4454 | D:7      | Found Tiuth's Armour Boutique.
  4464 | D:7      | Bought a runed dagger for 145 gold pieces
  4598 | D:7      | Found a staircase to the Ecumenical Temple.
  4708 | D:5      | Entered Level 5 of the Dungeon
  4717 | D:5      | Reached XP level 8. HP: 48/48 MP: 8/8
  4809 | D:4      | Found an ornate altar of the Wu Jian Council.
  4831 | D:4      | Found a bloodstained altar of Trog.
  4858 | D:4      | Noticed Natasha
  4870 | D:4      | Killed Natasha
  5183 | D:4      | Reached skill level 8 in Stealth
  5428 | D:4      | Noticed Natasha
  5437 | D:4      | Killed Natasha
  5644 | D:5      | Reached skill level 5 in Fighting
  5855 | D:5      | Found El's Dragon-Slaying Spoils.
  5920 | D:5      | Reached *** piety under Trog
  5941 | D:5      | Reached skill level 1 in Evocations
  6056 | D:5      | Reached skill level 5 in Dodging
  6437 | D:5      | Found a glowing silver altar of Zin.
  6461 | D:5      | Found a snail-covered altar of Cheibriados.
  6471 | D:5      | Noticed Edmund
  6474 | D:5      | Killed Edmund
  6475 | D:5      | Reached skill level 9 in Stealth
  6475 | D:5      | Reached XP level 9. HP: 54/54 MP: 9/9
  6931 | D:5      | Noticed Pikel
  7293 | D:6      | Noticed Dowan
  7567 | D:6      | Reached skill level 10 in Stealth
  8289 | D:6      | Noticed Duvessa
  9164 | D:7      | Bought a +2 pair of gloves of hurling for 279 gold pieces
  9438 | D:8      | Identified the +0 robe of Snakes and Ladders {rPois SInv
                  | Stlth-}
  9461 | D:8      | Noticed a hornet
  9723 | D:8      | Reached skill level 1 in Throwing
  9727 | D:8      | Noticed a manticore
  9751 | D:8      | Noticed a deep elf pyromancer
  9752 | D:8      | Noticed a purple ugly thing
  9755 | D:8      | Noticed a hornet
  9965 | D:9      | Noticed a two-headed ogre
 10188 | D:9      | Reached XP level 10. HP: 51/63 MP: 10/10
 10784 | D:9      | Reached skill level 5 in Evocations
 11254 | D:9      | Reached skill level 11 in Stealth
 11641 | D:9      | Found a staircase to the Orcish Mines.
 11920 | D:9      | Reached **** piety under Trog
 12157 | D:9      | Reached XP level 11. HP: 42/68 MP: 11/11
 12491 | D:8      | Reached skill level 10 in Short Blades
 12614 | D:8      | Reached skill level 12 in Stealth
 13073 | D:10     | Entered Level 10 of the Dungeon
 13166 | D:10     | Noticed a centaur warrior
 13176 | D:10     | Killed a centaur warrior
 13486 | D:10     | Reached skill level 5 in Armour
 13642 | D:9      | Killed a two-headed ogre
 14186 | D:11     | Noticed a brown ugly thing
 14190 | D:11     | Killed a brown ugly thing
 14260 | D:11     | Found a flagged portal.
 14291 | D:11     | Noticed a manticore
 14294 | D:11     | Killed a manticore
 14313 | D:11     | Found a staircase to the Lair.
 14313 | D:11     | Noticed an elephant
 14318 | D:11     | Killed an elephant
 14479 | D:11     | Noticed Sonja
 14484 | D:11     | Noticed Sonja
 14484 | D:11     | Sonja changed into Sonja the wyvern
 14493 | D:11     | Killed Sonja the wyvern
 14630 | Bailey   | Entered a bailey
 14778 | Bailey   | Found a runed translucent gate.
 14867 | Bailey   | Found a runed translucent gate.
 14868 | Bailey   | Found a runed translucent gate.
 14897 | Bailey   | Reached ***** piety under Trog
 14969 | Bailey   | Noticed an orc warlord
 14973 | Bailey   | Found the necklace of Bloodlust {*Rage Will++ Int-3 Slay+6}
 15159 | D:11     | Noticed a manticore
 15211 | D:11     | Killed a manticore
 15212 | D:11     | Reached XP level 12. HP: 76/76 MP: 12/12
 15345 | D:11     | Found a radiant altar of Vehumet.
 15354 | D:11     | Noticed a two-headed ogre
 15358 | D:11     | Killed a two-headed ogre
 15727 | D:12     | Noticed a seven-headed hydra
 15826 | Orc:1    | Entered Level 1 of the Orcish Mines
 16133 | Orc:2    | Entered Level 2 of the Orcish Mines
 16158 | Orc:2    | Found a staircase to the Elven Halls.
 16240 | Orc:2    | Noticed an orc high priest
 16262 | Orc:2    | Killed an orc high priest
 16263 | Orc:2    | Reached skill level 10 in Fighting
 16263 | Orc:2    | Reached skill level 10 in Dodging
 16440 | Orc:2    | Found Nerydiorui's Antique Weapon Shop.
 16507 | Orc:2    | Noticed an orc high priest
 16510 | Orc:2    | Received a gift from Trog
 16510 | Orc:2    | Killed an orc high priest
 16513 | Orc:2    | HP: 2/78 [orc sorcerer/bolt of fire (21)]
 16513 | Orc:2    | Mangled by an orc warrior

Illustrated notes

Levels and vault maps discovered:
D:1:      evilmike_arrival_crescent, layout_loops_ring,
          dreamdust_ecumenical_altar_angels_and_demons
D:2:      layout_rooms
D:3:      cheibrodos_greedy_goblins, layout_basic, uniq_grinder
D:4:      layout_layer_cave, mainiacjoe_overflow_swirl, uniq_natasha
D:5:      layout_basic, mainiacjoe_overflow_large_starburst,
          nicolae_shop_dragon_depot, st_stairs_11, uniq_edmund, uniq_pikel
D:6:      layout_basic, uniq_duvessa
D:7:      layout_loops_ring, minmay_temple_entry_statues,
          nicolae_wooded_promenade
D:8:      minmay_clustersquares, layout_cave_pools
D:9:      layout_roguey, hiddenorc1_lemuel
D:10:     layout_cave_pools, serial_column_ruins, column_ruins_hut,
          column_ruins_columns_straight, column_ruins_grid_1,
          column_ruins_grid_2, column_ruins_open_tiny, column_ruins_open_tiny
D:11:     layout_loops_ring, david_lair_generic, enter_bailey_2, st_stairs_7,
          fiery_altar_vehumet, uniq_sonja
D:12:     layout_cave_pools, elyvilon_altar_3, uniq_frances
Orc:1:    layout_caves, nicolae_orc_sculptors_studio, nooodl_orcs_dogs
Orc:2:    grunt_orc_gardens, layout_diamond_mine, grunt_orc_garden,
          grunt_orc_garden, grunt_orc_garden, grunt_orc_garden

Skill      XL: |  1  2  3  4  5  6  7  8  9 10 11 12 |
---------------+-------------------------------------+-----
Stealth        | 2 3 4 6 7 9 10 11 12 | 12.7
Short Blades   | 6 7 8 9 10 | 10.6
Armour         | 2 5 |  5.0
Dodging        | 3 4 5 7 8 9 10 | 10.6
Fighting       | 4 5 7 8 9 10 | 10.5
Evocations     | 3 4 6 7 8 |  8.0
Throwing       | 2 4 |  4.0

Action                   |  1- 3 |  4- 6 |  7- 9 | 10-12 || total
-------------------------+-------+-------+-------+-------++-------
Melee: Short sword       |     5 |     6 |    22 |       ||    33
       Dagger            |   100 |   111 |   349 |   759 ||  1319
       Rapier            |       |       |       |    60 ||    60
Throw: Boomerang         |       |       |     1 |     3 ||     4
       Dart              |       |       |       |     5 ||     5
Invok: Berserk           |     1 |     3 |     2 |     4 ||    10
       Trog's Hand       |       |     1 |       |     1 ||     2
       Brothers in Arms  |       |       |       |     1 ||     1
Evoke: Wand              |       |       |       |     1 ||     1
       Lightning rod     |       |       |       |     4 ||     4
  Use: Scroll            |       |       |       |     7 ||     7
 Stab: Sleeping          |    19 |    11 |    31 |    28 ||    89
       Distracted        |       |       |     1 |     2 ||     3
Armor: Animal skin       |    25 |     9 |       |       ||    34
       Steam dragon scal |       |       |    41 |    38 ||    79
       Ring mail         |       |       |       |    92 ||    92
Dodge: Dodged            |    70 |    60 |   144 |   422 ||   696

Table legend: (Time is in decaauts)
 A = Elapsed time spent in this place.
 B = Non-inter-level travel time spent in this place.
 C = Inter-level travel time spent in this place.
 D = Time resting spent in this place.
 E = Time spent auto-exploring this place.
 F = Levels seen in this place.
 G = Mean time per level.
                   A        B        C        D        E       F      G
               +--------+--------+--------+--------+--------+-----+--------+
         Total |  16053 |  15034 |   1019 |   1805 |  10141 |  15 | 1070.2 |
       Dungeon |  14991 |  13982 |   1009 |   1610 |   9915 |  12 | 1249.2 |
  Orcish Mines |    621 |    611 |     10 |    134 |    226 |   2 |  310.5 |
        Bailey |    439 |    439 |      0 |     61 |      0 |   1 |  439.0 |
               +--------+--------+--------+--------+--------+-----+--------+

Top non-repeatable levels by time:
     D:9: 2743 daAuts
     D:5: 1709 daAuts
     D:1: 1443 daAuts
     D:3: 1432 daAuts
     D:4: 1389 daAuts
     D:6: 1247 daAuts
     D:8: 1168 daAuts
     D:7: 1161 daAuts
    D:11: 1109 daAuts
     D:2: 840 daAuts
    D:10: 722 daAuts
  Bailey: 439 daAuts
   Orc:2: 332 daAuts
   Orc:1: 288 daAuts
    D:12: 24 daAuts
